 Seeded DCSS version 0.30-a0-553-g7fabdf1491 (webtiles) character file.

Game seed: 3901094715573708078 (custom seed)

1150 hikkokomori the Thaumaturge (level 8, -2/43 HPs)
             Began as a Deep Elf Venom Mage on Dec 27, 2022.
             Was a Follower of Ru.
             Splashed by a jelly's acid (3 damage)
             ... on level 6 of the Dungeon.
             The game lasted 00:12:39 (4903 turns).

hikkokomori the Thaumaturge (Deep Elf Venom Mage)   Turns: 4903, Time: 00:12:39

Health: -2/43      AC: -2    Str:  5    XL:     8   Next: 15%
Magic:  0/22       EV: 13    Int: 38    God:    Ru [*.....]
Gold:   297        SH:  0    Dex: 25    Spells: 13/24 levels left

rFire   + . .      SeeInvis .    o - +0 rapier
rCold   . . .      Faith    .    (no shield)
rNeg    . . .      Spirit   +    i - +0 robe of Anarchy {Fly Int+3 Dex+10}
rPois   .          Reflect  .    (no helmet)
rElec   .          Harm     .    n - +0 cloak
rCorr   +          Rampage  .    r - +1 pair of gloves
Will    .....                    u - +0 pair of boots
Stlth   +++                      k - amulet "Waxome" {Spirit rF+ rCorr}
HPRegen 0.27/turn                g - +6 ring of intelligence
MPRegen 0.18/turn                t - +6 ring of intelligence

@: radiating poison, corroded, flying
A: no ice magic, no summoning magic, no transmutations magic
a: Renounce Religion


You were on level 6 of the Dungeon.
You worshipped Ru.
Ru was aware of your devotion.
You visited 2 branches of the dungeon, and saw 7 of its levels.

You collected 297 gold pieces.

Inventory:

Hand Weapons
 d - a +0 whip
 o - a +0 rapier (weapon)
Missiles
 y - a throwing net
Armour
 a - a +0 robe
 i - the +0 robe of Anarchy (worn) {Fly Int+3 Dex+10}
   (You found it on level 2 of the Dungeon)

   Int:       It affects your intelligence (+3).
   Dex:       It affects your dexterity (+10).
   Fly:       It grants you flight.
 n - a +0 cloak (worn)
 r - a +1 pair of gloves (worn)
 u - a +0 pair of boots (worn)
Jewellery
 g - a +6 ring of intelligence (left hand)
 k - the amulet "Waxome" (around neck) {Spirit rF+ rCorr}
   (You found it on level 2 of the Dungeon)

   [amulet of guardian spirit]

   It causes incoming damage to be divided between your reserves of health and
   magic.
   rF:        It protects you from fire.
   rCorr:     It protects you from acid and corrosion.
 l - a ring of ice
 s - a ring of poison resistance
 t - a +6 ring of intelligence (right hand)
 z - an amulet of regeneration
Wands
 x - a wand of flame (13)
Scrolls
 c - 2 scrolls of immolation
 e - 3 scrolls of teleportation
 f - 2 scrolls of fear {unknown}
 j - a scroll of enchant weapon {unknown}
 q - 4 scrolls of identify {unknown}
 v - 2 scrolls of fog {unknown}
 w - a scroll of torment {unknown}
Potions
 b - a potion of magic
 h - a potion of lignification {unknown}
 m - 3 potions of curing
 p - 2 potions of might {unknown}
 A - a potion of heal wounds
 B - a potion of resistance {unknown}


   Skills:
 + Level 1.3 Fighting
 - Level 2.5 Dodging
 - Level 4.0 Stealth
 + Level 8.9 Spellcasting
 + Level 7.8 Poison Magic


You had 13 spell levels left.
You knew the following spells:

 Your Spells              Type           Power      Damage    Failure   Level
a - Sting                 Tmut/Pois      100%       1d8       1%          1
b - Ignite Poison         Fire/Tmut/Pois 36%        N/A       2%          3
c - Olgreb's Toxic Radia  Pois           66%        N/A       1%          4
d - Mephitic Cloud        Conj/Pois/Air  36%        N/A       2%          3

Your spell library contained the following spells:

 Spells                   Type           Power      Damage    Failure   Level
 Poisonous Vapours        Pois/Air       92%        N/A       1%          2
 Dazzling Flash           Conj/Hex       32%        N/A       7%          3
 Kindle Blastsparks       Fire/Tloc/Air  32%        2d12      7%          3
 Agony                    Necr           16%        N/A       54%         5
 Silence                  Hex/Air        8%         N/A       54%         5
 Enfeeble                 Hex            8%         N/A       100%        7
 Freezing Cloud           Conj/Ice/Air   Unusable   6-21      N/A         5
 Yara's Violent Unravell  Hex/Tmut       Unusable   3d5       N/A         5

Dungeon Overview and Level Annotations

Branches:
Dungeon (6/15)             Temple (1/1) D:4

Altars:
Ashenzari
Cheibriados
Dithmenos
Elyvilon
Hepliaklqana
Kikubaaqudgha
Makhleb
Nemelex Xobeh
Okawaru
Qazlal
Ru
Sif Muna
Trog
Uskayaw
Vehumet
Xom
Yredelemnul
Zin
The Shining One

Shops:
D:2 *

Annotations:
D:5 3 runed translucent doors, scottley's ghost, amateur TrFi


Innate Abilities, Weirdness & Mutations

You cannot study or cast Ice magic.
You cannot study or cast Summoning magic.
You cannot study or cast Transmutations magic.


Message History

The jelly hits you but does no damage.
You hit the jelly.
Your hands burn!
The jelly is severely wounded.
The hound misses you. The hound barely misses you.
The centaur unwields a +0 shortbow.
The centaur closely misses you. The centaur misses you. The jelly misses you.
Casting: Olgreb's Toxic Radiance (dangerous; 1% risk of failure)
Confirm with . or Enter, or press ? or * to list all spells.
You begin to radiate toxic energy.
The hound is poisoned.
The centaur looks even sicker.
You kill the hound!
The centaur hits you but does no damage.
The centaur completely misses you. The jelly hits you. The acid corrodes you!
You are splashed with acid.
You resist.
* * * LOW HITPOINT WARNING * * *
Your Fighting skill increases to level 1!
Unknown command.
You hit the centaur.
The centaur is severely wounded.
The centaur looks even sicker.
The centaur hits you.
* * * LOW HITPOINT WARNING * * *
The centaur barely misses you.
The jelly jiggles.
The jelly completely misses you.
The centaur hits you but does no damage.
The centaur closely misses you.
You hit the centaur.
You kill the centaur!
The jelly closely misses you.
You hit the jelly.
Your hands burn!
* * * LOW HITPOINT WARNING * * *
The jelly is almost dead.
The jelly hits you.
* * * LOW HITPOINT WARNING * * *
You are splashed with acid.
You resist.
* * * LOW HITPOINT WARNING * * *
The jelly hits you.
* * * LOW HITPOINT WARNING * * *
The acid corrodes you!
You are splashed with acid.
You resist.
You die...

################# #### ..
###................. #..#
.... #..................#
##.#
....##..................#
#.##
.....#..................#
#..#
#......................#
##.#
#....................#
##..†
#.............@J.....#
#..##
#..............).....#
##.##
##..#...............##
##.##
#...##.............#
##.##
#...###...........##
##.## ##..####..........#
##.## #...#
###.....######..# #...##
####### ##...## ..###...#
##.....###


You could see a jelly.

Vanquished Creatures
  Grinder (D:5)
  An ice beast (D:6)
  A centaur (D:6)
  A gnoll sergeant (D:5)
  2 scorpions
  6 killer bees (D:5)
  2 vampire bats (D:6)
  3 hounds
  Robin (D:3)
  3 gnolls (D:5)
  3 adders (D:3)
  2 worms
  5 dart slugs
  3 orcs
  6 endoplasms
  3 giant cockroaches
  11 goblins
  10 hobgoblins
  7 kobolds
  6 quokkas
  5 ball pythons
  10 bats
  6 frilled lizards
  6 rats
104 creatures vanquished.

Notes
Turn   | Place    | Note
-------+----------+-------------------------------------------
     0 | D:1      | hikkokomori the Deep Elf Venom Mage began the quest for the
                  | Orb.
     0 | D:1      | Reached XP level 1. HP: 10/10 MP: 6/6
    60 | D:1      | Reached XP level 2. HP: 8/15 MP: 0/8
   512 | D:2      | Found Achocij's General Store.
   576 | D:2      | Identified the +0 robe of Anarchy {Fly Int+3 Dex+10}
   621 | D:2      | Reached XP level 3. HP: 19/19 MP: 7/10
   935 | D:2      | Found a radiant altar of Vehumet.
   970 | D:2      | Identified the amulet "Waxome" {Spirit rF+ rCorr}
  1784 | D:3      | Noticed Robin
  1800 | D:3      | Reached skill level 4 in Spellcasting
  1816 | D:3      | Killed Robin
  1827 | D:3      | Gained mutation: You are strong-willed. (Will+) [potion of
                  | mutation]
  1827 | D:3      | Lost mutation: You are strong-willed. (Will+) [potion of
                  | mutation]
  1910 | D:3      | Reached XP level 4. HP: 24/24 MP: 10/12
  2316 | D:3      | Learned a level 3 spell: Ignite Poison
  2321 | D:3      | Learned a level 4 spell: Olgreb's Toxic Radiance
  2325 | D:3      | Learned a level 3 spell: Mephitic Cloud
  2799 | D:4      | Noticed a scorpion
  2802 | D:4      | Killed a scorpion
  2803 | D:4      | Reached skill level 5 in Spellcasting
  2803 | D:4      | Reached XP level 5. HP: 28/28 MP: 8/14
  2868 | D:4      | Reached skill level 5 in Poison Magic
  3038 | D:4      | Found a staircase to the Ecumenical Temple.
  3044 | Temple   | Entered the Ecumenical Temple
  3130 | Temple   | Became a worshipper of Ru the Awakened
  3194 | D:5      | Entered Level 5 of the Dungeon
  3337 | D:5      | Found a runed translucent gate.
  3337 | D:5      | Noticed scottley's ghost (amateur TrFi)
  3338 | D:5      | Found a runed translucent gate.
  3340 | D:5      | Found a runed translucent gate.
  3404 | D:5      | Reached skill level 6 in Spellcasting
  3404 | D:5      | Reached XP level 6. HP: 32/32 MP: 3/17
  3517 | D:5      | Noticed Grinder
  3533 | D:5      | Killed Grinder
  3534 | D:5      | Reached skill level 7 in Spellcasting
  3534 | D:5      | Reached XP level 7. HP: 30/36 MP: 8/19
  3632 | D:5      | Reached skill level 8 in Spellcasting
  4580 | D:6      | Gained mutation: You cannot study or cast Ice magic. [Ru
                  | sacrifice]
  4580 | D:6      | Gained mutation: You cannot study or cast Transmutations
                  | magic. [Ru sacrifice]
  4580 | D:6      | Gained mutation: You cannot study or cast Summoning magic.
                  | [Ru sacrifice]
  4580 | D:6      | Reached * piety under Ru
  4693 | D:6      | Reached XP level 8. HP: 41/42 MP: 14/22
  4901 | D:6      | Reached skill level 1 in Fighting
  4903 | D:6      | HP: 2/43 [acid (3)]
  4903 | D:6      | Splashed by a jelly's acid

Illustrated notes

Levels and vault maps discovered:
D:1:      lemuel_arrival_hallway, layout_rooms
D:2:      layout_basic, basic_altar, serial_shops, nicolae_shop_crystal,
          st_stairs_5
D:3:      layout_rooms, kennysheep_generic_room_3, uniq_robin
D:4:      layout_cave_pools, minmay_temple_entry_fiery, serial_column_ruins,
          column_ruins_square_medium, column_ruins_hut_ruined,
          column_ruins_grid_4, column_ruins_grid_3,
          column_ruins_corridor_corner, column_ruins_open_tiny,
          column_ruins_columns_corner, uniq_ijyb, uniq_pikel
D:5:      layout_layer_cave, ebering_ghost_rock_garden, uniq_grinder
D:6:      layout_cave_pods, minmay_misc_feat_chi, roderic_batcave
Temple:   nicolae_temple_bog_church

Skill      XL: |  1  2  3  4  5  6  7  8 |
---------------+-------------------------+-----
Stealth        | 3 4 |  4.0
Poison Magic   | 4 5 6 7 |  7.8
Spellcasting   | 4 5 6 7 8 |  8.9
Transmutations | 0 |  0.0
Fighting       | 1 |  1.3
Dodging        | |  2.5

Action                   |  1- 3 |  4- 6 |  7- 9 || total
-------------------------+-------+-------+-------++-------
Melee: Unarmed           |     1 |       |       ||     1
       Rapier            |    11 |    83 |    40 ||   134
       Punch             |       |       |     1 ||     1
 Cast: Sting             |    79 |    19 |     1 ||    99
       Olgreb's Toxic Ra |       |     4 |     6 ||    10
       Ignite Poison     |       |     2 |     1 ||     3
Invok: Sacrifice Arcana  |       |       |     1 ||     1
Evoke: Wand              |       |       |     5 ||     5
  Use: Potion            |     3 |     1 |       ||     4
       Scroll            |     5 |       |       ||     5
 Stab: Sleeping          |     1 |     1 |     1 ||     3
Armor: Robe              |    14 |    24 |    36 ||    74
Dodge: Dodged            |    40 |    80 |    67 ||   187

Table legend: (Time is in decaauts)
 A = Elapsed time spent in this place.
 B = Non-inter-level travel time spent in this place.
 C = Inter-level travel time spent in this place.
 D = Time resting spent in this place.
 E = Time spent auto-exploring this place.
 F = Levels seen in this place.
 G = Mean time per level.
                   A        B        C        D        E       F      G
               +--------+--------+--------+--------+--------+-----+--------+
         Total |   4931 |   4503 |    428 |    119 |   3443 |   7 |  704.4 |
       Dungeon |   4833 |   4416 |    417 |    119 |   3443 |   6 |  805.5 |
        Temple |     97 |     86 |     11 |      0 |      0 |   1 |   97.0 |
               +--------+--------+--------+--------+--------+-----+--------+

Top non-repeatable levels by time:
     D:5: 1346 daAuts
     D:2: 1336 daAuts
     D:1: 755 daAuts
     D:3: 706 daAuts
     D:6: 372 daAuts
     D:4: 316 daAuts
  Temple: 97 daAuts
